 Dungeon Crawl Stone Soup version 0.17.1-3-g152610e (webtiles) character file.

499 Heskey the Covert (level 6, 0/32 HPs)
             Began as a Spriggan Assassin on Apr 4, 2016.
             Slain by a centaur (9 damage)
             ... on level 5 of the Dungeon.
             The game lasted 00:06:47 (3021 turns).

Heskey the Covert (Spriggan Assassin)               Turns: 3021, Time: 00:06:48

Health: 0/32       AC:  3    Str:  7    XL:     6   Next: 94%
Magic:  7/7        EV: 21    Int: 12    God:
Gold:   259        SH:  0    Dex: 20    Spells: 0 memorised, 5 levels left

rFire  . . .     SeeInvis +     a - +2 dagger
rCold  . . .     Clarity  .     c - +0 robe
rNeg   . . .     SustAt   .     (shield restricted)
rPois  .         Gourm    .     (helmet restricted)
rElec  .         Spirit   .     d - +0 cloak
rCorr  .         Warding  .     (gloves unavailable)
rMut   .         Stasis   .     (boots unavailable)
MR     +....                    (no amulet)
Stlth  +++++.....               (no ring)
                                (no ring)

@: very quick, somewhat resistant to hostile enchantments, quite stealthy
A: unfitting armour, see invisible, herbivore 3, speed 3, slow metabolism 2
a: no special abilities


You were on level 5 of the Dungeon.
You were not hungry.

You visited 1 branch of the dungeon, and saw 5 of its levels.

You collected 259 gold pieces.

Inventory:

Hand Weapons
 a - a +2 dagger (weapon)
 b - a +0 blowgun
Missiles
 e - 7 poisoned needles
 f - 2 curare-tipped needles
Armour
 c - a +0 robe (worn)
 d - a +0 cloak (worn)
Jewellery
 o - a +4 ring of slaying {unknown}
Scrolls
 h - a scroll of noise {unknown}
 i - 4 scrolls of amnesia {unknown}
 k - 4 scrolls of remove curse {unknown}
 m - a scroll of fear {unknown}
 n - a scroll of identify {unknown}
 t - 3 scrolls of teleportation {unknown}
 v - a scroll of immolation {unknown}
 w - a scroll of random uselessness {unknown}
Potions
 j - 2 potions of magic
 l - a potion of haste {unknown}
 q - 6 potions of curing
 r - a potion of cure mutation {unknown}
 s - a potion of heal wounds {unknown}
Books
 u - an Akashic Record

   Spells                             Type                      Level
   a - Dispersal                      Translocation                6
   b - Malign Gateway                 Summoning/Translocation      7
   c - Disjunction                    Translocation                8
   d - Controlled Blink               Translocation                8
Comestibles
 g - 7 bread rations
 p - a royal jelly


   Skills:
 + Level 3.3 Fighting
 + Level 4.4 Short Blades
 - Level 2.0 Throwing
 + Level 5.1 Dodging
 + Level 8.4 Stealth


You had 5 spell levels left.
You didn't know any spells.

Dungeon Overview and Level Annotations

Branches:
Dungeon (5/15)
 Temple: D:4-7

Altars:


Innate Abilities, Weirdness & Mutations

You are tiny and cannot use many weapons and most armour.
You have supernaturally acute eyesight.
You are a herbivore.
You cover ground extremely quickly.
You need consume almost no food.


Message History

The centaur closely misses you.
You hit the centaur.
The centaur is heavily wounded.
The centaur completely misses you.
You barely miss the centaur.
The centaur is heavily wounded.
The centaur closely misses you.
You hit the centaur but do no damage.
The centaur is heavily wounded.
The centaur completely misses you.
You hit the centaur.
The centaur is severely wounded.
The centaur misses you. The centaur closely misses you.
You barely miss the centaur.
The centaur is severely wounded.
The centaur closely misses you.
You hit the centaur.
The centaur is severely wounded.
The centaur hits you!
You die...

## #### .. ... ..#
.# #.# #.# .# #.#
#.######.#.####
#.#
#(.?...@c%.....
#.#
#.####.#....###
#.# #.# #.#..#..?.
#.# #.# #.#....##.
#.####<# #.#.####
####....#.#
#.#.####
#.##....#.#
#.#.....
##....[...# #.#..#
#....<...####....#


You could see a centaur.

Vanquished Creatures
  A phantom (D:4)
  A necrophage (D:5)
  An ogre (D:4)
  A hound (D:4)
  An orc priest (D:4)
  7 adders
  4 gnolls (D:4)
  A shadow imp (D:5)
  A worm (D:3)
  2 giant geckos
  6 orcs
  5 ball pythons
  8 goblins
  8 hobgoblins
  A kobold (D:1)
  3 quokkas
  9 bats
  5 giant cockroaches
  A giant gecko skeleton (D:4)
  4 giant newts
  7 rats
77 creatures vanquished.

Notes
Turn   | Place    | Note
--------------------------------------------------------------
     0 | D:1      | Heskey the Spriggan Assassin began the quest for the Orb.
     0 | D:1      | Reached XP level 1. HP: 10/10 MP: 2/2
    84 | D:1      | Reached skill level 6 in Stealth
   295 | D:1      | Reached XP level 2. HP: 9/14 MP: 3/3
   705 | D:2      | Reached XP level 3. HP: 18/18 MP: 4/4
  1292 | D:3      | Reached XP level 4. HP: 23/23 MP: 5/5
  1300 | D:3      | Reached skill level 7 in Stealth
  2151 | D:4      | Reached XP level 5. HP: 27/27 MP: 6/6
  2401 | D:4      | Noticed an ogre
  2412 | D:4      | Killed an ogre
  2412 | D:4      | Reached XP level 6. HP: 30/32 MP: 7/7
  2628 | D:4      | Noticed a phantom
  2632 | D:4      | Killed a phantom
  2632 | D:4      | Reached skill level 8 in Stealth
  2748 | D:5      | Entered Level 5 of the Dungeon
  2824 | D:5      | Reached skill level 5 in Dodging
  3021 | D:5      | Slain by a centaur

Action                   |  1- 3 |  4- 6 || total
-------------------------+-------+-------++-------
Melee: Dagger            |    89 |   148 ||   237
 Fire: Blowgun           |       |     9 ||     9
  Use: Potion            |       |     2 ||     2
 Stab: Sleeping          |    17 |    18 ||    35
       Distracted        |     1 |       ||     1
